 Dungeon Crawl Stone Soup version 0.23.0-3-gf3c87f2 (webtiles) character file.

Game seed: 3252014797515970196

17 Borgoz the Sneak (level 2, -1/20 HPs)
             Began as a Ghoul Enchanter on Feb 24, 2019.
             Slain by Natasha (3 damage)
             ... on level 2 of the Dungeon.
             The game lasted 00:02:22 (810 turns).

Borgoz the Sneak (Ghoul Enchanter)                   Turns: 810, Time: 00:02:22

Health: -1/20      AC:  3    Str: 11    XL:     2   Next: 62%
Magic:  1/3        EV: 12    Int: 10    God:
Gold:   108        SH:  0    Dex: 11    Spells: 1/4 levels left

rFire    . . .     SeeInvis .   a - +1 dagger
rCold    + . .     Gourm    .   (no shield)
rNeg     + + +     Faith    +   b - +0 robe
rPois    ∞         Spirit   .   i - +0 helmet (curse)
rElec    .         Reflect  .   (no cloak)
rCorr    .         Harm     .   (no gloves)
MR       .....                  (no boots)
Stlth    ++........             h - amulet of faith
HPRegen  0.00/turn              e - +2 ring of dexterity
MPRegen  0.08/turn              (no ring)

@: about to teleport, very slightly contaminated, rotting, invisible
A: rotting body, claws 1, carnivore, cold resistance 1, negative energy
resistance 3, inhibited regeneration, torment resistance, unbreathing
a: no special abilities


You were on level 2 of the Dungeon.
You were not hungry.

You visited 1 branch of the dungeon, and saw 3 of its levels.

You collected 108 gold pieces.

Inventory:

Hand Weapons
 a - a +1 dagger (weapon)
Armour
 b - a +0 robe (worn)
 i - a cursed +0 helmet (worn)
Jewellery
 e - a +2 ring of dexterity (left claw)
 h - an amulet of faith (around neck)
Scrolls
 c - 2 scrolls of teleportation
 j - a scroll of enchant armour
Comestibles
 d - 5 rations
 f - 3 chunks of flesh


   Skills:
 * Level 1.5 Short Blades
 - Level 1.7 Dodging
 - Level 3.2 Stealth
 - Level 1.7 Spellcasting
 + Level 2.9 Hexes


You had one spell level left.
You knew the following spells:

 Your Spells              Type           Power        Failure   Level  Hunger
a - Corona                Hex            #......      10%         1    ##.....
b - Ensorcelled Hibernat  Hex/Ice        #.....       26%         2    ###....

Your spell library contained the following spells:

 Spells                   Type           Power        Failure   Level  Hunger
 Confuse                  Hex            #.......     28%         3    ####...
 Tukima's Dance           Hex            #.......     28%         3    ####...
 Dazzling Spray           Conj/Hex       #.....       47%         3    ####...


Dungeon Overview and Level Annotations

Branches:
Dungeon (3/15)

Altars:

Annotations:
D:2 Natasha


Innate Abilities, Weirdness & Mutations

Your body is rotting away.
You thrive on raw meat.
You are immune to poison.
You have sharp fingernails.
You are carnivorous and can eat meat at any time.
Your flesh is cold resistant. (rC+)
You are immune to negative energy. (rN+++)
You do not regenerate when monsters are visible.
You are immune to unholy pain and torment.
You can survive without breathing.


Message History

Natasha easily resists.
Natasha hisses.
Natasha claws you!
* * * LOW HITPOINT WARNING * * *
Casting: Ensorcelled Hibernation (safe; 26% risk of failure)
Confirm with . or Enter, or press ? or * to list all spells.
You don't have enough magic to cast that spell.
Unknown command.
You aren't carrying any potions.
You aren't carrying any potions.
Casting: Ensorcelled Hibernation (safe; 26% risk of failure)
Confirm with . or Enter, or press ? or * to list all spells.
You don't have enough magic to cast that spell.
You aren't carrying any potions.
As you read the scroll of teleportation, it crumbles to dust.
You feel strangely unstable. Natasha claws you but does no damage.
You closely miss Natasha.
Natasha mumbles some strange words.
You closely miss Natasha. Natasha claws you.
You die...

.....#
........#.#.#.#
.....#
........#.#.#.###.
.....#
........#.#.......
.....#
........#..##.##..
.....#
........##.##.##.#+#
#......
........##.##.##.#.#
#......#
........##..#.##.#.#
#......#
....5...###.#÷##.#.#
#......
......h@'........#.#
......[.##.........#
##########...>.....#
#.............##
#.............#
#.............#
#..........####
#..........#
############


You could see Natasha and a crimson imp (wandering).

Vanquished Creatures
  An ooze (D:2)
  A leopard gecko (D:1)
  3 giant cockroaches
  2 bats (D:1)
  3 frilled lizards
  3 kobolds (D:1)
13 creatures vanquished.

Notes
Turn   | Place    | Note
-------+----------+-------------------------------------------
     0 | D:1      | Borgoz the Ghoul Enchanter began the quest for the Orb.
     0 | D:1      | Reached XP level 1. HP: 14/14 MP: 2/2
    21 | D:1      | Reached skill level 1 in Short Blades
   153 | D:1      | Reached XP level 2. HP: 20/20 MP: 3/3
   692 | D:2      | Learned a level 2 spell: Ensorcelled Hibernation
   800 | D:2      | Noticed Natasha
   810 | D:2      | Noticed a crimson imp
   810 | D:2      | Slain by Natasha

Skill      XL: |  1 |
---------------+----+-----
Short Blades   | 1 |  1.5
Dodging        | |  1.7
Stealth        | |  3.2
Spellcasting   | |  1.7
Hexes          | |  2.9

Action                   || total
-------------------------++-------
Melee: Dagger            ||    28
 Cast: Ensorcelled Hiber ||     1
  Use: Scroll            ||     6
       Potion            ||     4
 Stab: Sleeping          ||     8
  Eat: Chunk             ||     4
Armor: Robe              ||     9
Dodge: Dodged            ||     2
